 Dungeon Crawl Stone Soup version 0.23-a0-890-gc183402 (webtiles) character file.

Game seed: 10344063305730304894

186 tidbits the Charmwright (level 5, 43/43 HPs)
             Began as a Gnoll Skald on Jan 28, 2019.
             Quit the game on level 3 of the Dungeon.
             The game lasted 00:10:23 (925 turns).

tidbits the Charmwright (Gnoll Skald)                Turns: 925, Time: 00:10:24

Health: 43/43      AC:  5    Str: 14    XL:     5   Next: 65%
Magic:  12/12      EV: 18    Int: 16    God:
Gold:   50         SH:  0    Dex: 14    Spells: 3/14 levels left

rFire    . . .     SeeInvis .   a - +0 spear
rCold    . . .     Gourm    .   (no shield)
rNeg     . . .     Faith    .   B - +0 leather armour
rPois    .         Spirit   .   (no helmet)
rElec    .         Reflect  .   C - +0 cloak
rCorr    .         Harm     .   G - +0 pair of gloves (curse)
MR       .....                  (no boots)
Stlth    ++........             (no amulet)
HPRegen  0.14/turn              V - +4 ring of evasion
MPRegen  0.13/turn              (no ring)

@: no status effects
A: distributed training, fangs 1, strong nose
a: no special abilities


You were on level 3 of the Dungeon.
You were not hungry.

You visited 1 branch of the dungeon, and saw 4 of its levels.

You collected 50 gold pieces.

Inventory:

Hand Weapons
 a - a +0 spear (weapon)
 b - a +4 dagger
Missiles
 c - 34 sling bullets
 l - 19 bolts
 s - 16 stones (quivered)
Armour
 j - a +0 ring mail
 k - a +0 ring mail
 u - a scarf of resistance
   (You found it on level 1 of the Dungeon)
 B - a +0 leather armour (worn)
 C - a +0 cloak (worn)
 G - a cursed +0 pair of gloves (worn)
Jewellery
 V - a +4 ring of evasion (left hand)
   (You found it on level 2 of the Dungeon)
Wands
 p - a wand of polymorph (8)
Scrolls
 f - a scroll of enchant armour {unknown}
 g - a scroll of teleportation {unknown}
 h - a scroll of enchant weapon
 q - 3 scrolls of noise {unknown}
 r - 3 scrolls of remove curse
Potions
 e - a potion of curing {unknown}
 i - a potion of lignification
 m - a potion of cancellation
 n - a potion of heal wounds {unknown}
 o - a potion of might
 t - a potion of flight
Comestibles
 d - 4 rations


   Skills:
 + Level 4.8 Fighting
 + Level 1.5 Short Blades
 + Level 1.5 Long Blades
 + Level 1.5 Axes
 + Level 1.5 Maces & Flails
 + Level 4.8 Polearms
 + Level 1.5 Staves
 + Level 1.5 Slings
 + Level 1.5 Bows
 + Level 1.5 Crossbows
 + Level 1.5 Throwing
 + Level 3.0 Armour
 + Level 4.8 Dodging
 + Level 1.5 Stealth
 + Level 1.5 Shields
 + Level 1.5 Unarmed Combat
 + Level 5.2 Spellcasting
 + Level 1.2 Conjurations
 + Level 1.2 Hexes
 + Level 5.5 Charms
 + Level 1.2 Summonings
 + Level 1.2 Necromancy
 + Level 1.2 Translocations
 + Level 1.2 Transmutations
 + Level 1.2 Fire Magic
 + Level 1.2 Ice Magic
 + Level 1.2 Air Magic
 + Level 1.2 Earth Magic
 + Level 1.2 Poison Magic
 + Level 1.7 Invocations
 + Level 1.5 Evocations


You had 3 spell levels left.
You knew the following spells:

 Your Spells              Type           Power        Failure   Level  Hunger
g - Shroud of Golubria    Chrm/Tloc      ###.......   7%          2    #......
i - Infusion              Chrm           ###.         1%          1    None
r - Regeneration          Chrm/Necr      ###.......   14%         3    ###....
w - Spectral Weapon       Hex/Chrm       ###.....     14%         3    ###....
y - Song of Slaying       Chrm           ###.....     2%          2    #......

Your spell library contained the following spells:

 Spells                   Type           Power        Failure   Level  Hunger


Dungeon Overview and Level Annotations

Branches:
Dungeon (4/15)
 Temple: D:4-7

Altars:
Fedhas
Okawaru

Annotations:
D:3 exclusion: wight


Innate Abilities, Weirdness & Mutations

Your experience applies equally to all skills.
You have very sharp teeth.
Your uncanny sense of smell can sniff out nearby items.


Message History

You kill the adder!
The leopard gecko misses your spectral weapon.
You feel sick. The leopard gecko misses you.
You see here an adder corpse.
Unknown command.
You hit the leopard gecko but do no damage.
Your spectral weapon closely misses the leopard gecko.
The leopard gecko completely misses you.
You hit the leopard gecko but do no damage.
Your bite misses the leopard gecko.
Your spectral weapon hits the leopard gecko.
The leopard gecko completely misses you.
You hit the leopard gecko.
You kill the leopard gecko!
You feel sick.
Found a stone staircase leading down.
You see here a leopard gecko corpse.
You see here a scroll of remove curse.
Unknown command.
r - 3 scrolls of remove curse (gained 1)
You feel sick.
You see here a smoky black potion.
Unknown command.
t - a smoky black potion You feel sick.
Found 17 arrows.
There is a stone staircase leading down here.
Unknown command.
You climb downwards.
Your summoned ally is left behind.
Your spectral weapon fades away.
There is a stone staircase leading up here.
Unknown command.
Unknown command.
You feel sick.
You are no longer poisoned.
You climb upwards.
Level annotation: exclusion: wight
There is a stone staircase leading down here.
Unknown command.
You see here an adder corpse.
Your magical contamination has completely faded away.
A kobold comes into view.
The kobold shouts!
Unknown command.
Casting: Spectral Weapon (safe; 14% risk of failure)
Confirm with . or Enter, or press ? or * to list all spells.
You draw out your weapon's spirit!
Unknown command.
A ball python comes into view.
Attack whom?
Press: ? - help, Dir - move target cursor, f - kobold
Aim: a kobold You reach to attack!
You hit the kobold.
You kill the kobold!
Attack whom?
Press: ? - help, Dir - move target cursor, f - ball python
Aim: a ball python You reach to attack!
You barely miss the ball python.
Your spectral weapon hits the ball python from afar.
You kill the ball python!
No target in view!
Things that are here:
a ball python corpse; a kobold corpse
Found 15 gold pieces.
You see here 15 gold pieces.
You now have 45 gold pieces (gained 15).
Found 5 gold pieces.
You see here 5 gold pieces.
You now have 50 gold pieces (gained 5).
Your spectral weapon fades away.
Unknown command.
Found a cloak and a scroll of identify.
Unknown command.
Magic restored.
You see here a cloak.
u - a cloak Wear which item? (? for menu, Esc to quit)
You start removing your armour.
You continue taking off your scarf of resistance. x4
You finish taking off your scarf of resistance.
You feel hot and cold all over.
You start putting on your armour.
You continue putting on your cloak. x5
You finish putting on your +0 cloak.
Adjust (i)tems, (s)pells, or (a)bilities?
Adjust which item? (? for menu, Esc to quit)
u - a +0 cloak (worn)
Adjust to which letter? (? for menu, Esc to quit)
C - a +0 cloak (worn);
u - a scarf of resistance You see here a scroll of identify.
v - a scroll of identify
As you read the scroll of identify, it crumbles to dust.
t - a potion of flight
Found a whip.
Unknown command.
You see here a whip.
You see here a quokka skeleton.
Unknown command.
Unknown command.
Unknown command.
Are you sure you want to abandon this character and quit the game? (Confirm with "yes".)

#..#††###.#####.#..............
#.....# #.#####.##..###(#######
###.#.#.# #.##_≈#.##..# #.#
........# #b##.##.##..# #.#
###.#.#.# #.##.'..##..###.#
........# #.##.##.........#
#####>### #.##_§####)###### #.#
#.###### #.# ... #@# #.# ##.##
#.# #.######## #(# #.#
#........# ... #.# ########.#
... #.# #.##### ... #.# #.##...
#.# #.#.#.# #.# #..###. #.#
###.## #


There were no monsters in sight!

Vanquished Creatures
  A wight (D:3)
  Ijyb (D:3)
  3 adders
  An ooze (D:2)
  2 worms (D:2)
  2 dart slugs
  4 leopard geckos
  4 orcs (D:3)
  3 ball pythons
  4 giant cockroaches
  2 hobgoblins
  11 jackals
  A quokka (D:3)
  13 bats
  4 frilled lizards (D:2)
  4 goblins
  7 kobolds
  3 rats
70 creatures vanquished.

Notes
Turn   | Place    | Note
-------+----------+-------------------------------------------
     0 | D:1      | tidbits the Gnoll Skald began the quest for the Orb.
     0 | D:1      | Reached XP level 1. HP: 20/20 MP: 6/6
   117 | D:1      | Reached XP level 2. HP: 26/26 MP: 1/7
   207 | D:2      | Learned a level 2 spell: Song of Slaying
   210 | D:2      | Learned a level 2 spell: Shroud of Golubria
   219 | D:2      | Reached XP level 3. HP: 23/31 MP: 2/9
   224 | D:2      | Learned a level 3 spell: Regeneration
   228 | D:2      | Learned a level 3 spell: Spectral Weapon
   265 | D:2      | Reached skill level 5 in Spellcasting
   320 | D:2      | Reached skill level 1 in Invocations
   347 | D:2      | Reached skill level 1 in Short Blades
   347 | D:2      | Reached skill level 1 in Long Blades
   347 | D:2      | Reached skill level 1 in Axes
   347 | D:2      | Reached skill level 1 in Maces & Flails
   347 | D:2      | Reached skill level 1 in Staves
   347 | D:2      | Reached skill level 1 in Slings
   347 | D:2      | Reached skill level 1 in Bows
   347 | D:2      | Reached skill level 1 in Crossbows
   347 | D:2      | Reached skill level 1 in Throwing
   347 | D:2      | Reached skill level 1 in Stealth
   347 | D:2      | Reached skill level 1 in Shields
   347 | D:2      | Reached skill level 1 in Unarmed Combat
   347 | D:2      | Reached skill level 1 in Evocations
   349 | D:2      | Reached XP level 4. HP: 26/38 MP: 2/11
   596 | D:3      | Noticed Ijyb
   608 | D:3      | Killed Ijyb
   608 | D:3      | Reached skill level 1 in Conjurations
   608 | D:3      | Reached skill level 1 in Hexes
   608 | D:3      | Reached skill level 1 in Summonings
   608 | D:3      | Reached skill level 1 in Necromancy
   608 | D:3      | Reached skill level 1 in Translocations
   608 | D:3      | Reached skill level 1 in Transmutations
   608 | D:3      | Reached skill level 1 in Fire Magic
   608 | D:3      | Reached skill level 1 in Ice Magic
   608 | D:3      | Reached skill level 1 in Air Magic
   608 | D:3      | Reached skill level 1 in Earth Magic
   608 | D:3      | Reached skill level 1 in Poison Magic
   644 | D:3      | Reached XP level 5. HP: 43/43 MP: 1/12
   652 | D:3      | Reached skill level 3 in Armour
   729 | D:3      | Found an iron altar of Okawaru.
   729 | D:3      | Found a blossoming altar of Fedhas.
   925 | D:3      | Quit the game

Vault maps used:
D:1:      wheals_arrival_linesprint
D:2:      first_ration
D:3:      gammafunk_temple_overflow_elements, uniq_ijyb
D:4:      minivault_24, uniq_grinder, uniq_menkaure, uniq_natasha

Skill      XL: |  1  2  3  4  5 |
---------------+----------------+-----
Spellcasting   | 5 |  5.2
Invocations    | 1 |  1.7
Short Blades   | 1 |  1.5
Long Blades    | 1 |  1.5
Axes           | 1 |  1.5
Maces & Flails | 1 |  1.5
Staves         | 1 |  1.5
Slings         | 1 |  1.5
Bows           | 1 |  1.5
Crossbows      | 1 |  1.5
Throwing       | 1 |  1.5
Stealth        | 1 |  1.5
Shields        | 1 |  1.5
Unarmed Combat | 1 |  1.5
Evocations     | 1 |  1.5
Conjurations   | 1 |  1.2
Hexes          | 1 |  1.2
Summonings     | 1 |  1.2
Necromancy     | 1 |  1.2
Translocations | 1 |  1.2
Transmutations | 1 |  1.2
Fire Magic     | 1 |  1.2
Ice Magic      | 1 |  1.2
Air Magic      | 1 |  1.2
Earth Magic    | 1 |  1.2
Poison Magic   | 1 |  1.2
Armour         | 3 |  3.0
Fighting       | |  4.8
Polearms       | |  4.8
Dodging        | |  4.8
Charms         | |  5.5

Action                   |  1- 3 |  4- 6 || total
-------------------------+-------+-------++-------
Melee: Spear             |    94 |    94 ||   188
       Bite              |     8 |     8 ||    16
       Unarmed           |       |     8 ||     8
 Cast: Infusion          |     3 |       ||     3
       Spectral Weapon   |     4 |    11 ||    15
       Shroud of Golubri |     1 |       ||     1
  Use: Scroll            |       |     6 ||     6
 Stab: Confused          |       |     3 ||     3
       Distracted        |       |     1 ||     1
       Sleeping          |       |     1 ||     1
  Eat: Ration            |       |     1 ||     1
Armor: Leather armour    |    16 |    11 ||    27
       Skin              |       |     2 ||     2
Dodge: Dodged            |    52 |    56 ||   108

Table legend:
 A = Non-vault XP
 B = Vault XP
 C = Vault XP percentage of total XP
 D = Non-vault monster count
 E = Vault monster count
 F = Vault count percentage of total count
                 A         B        C        D         E       F
            +---------+---------+-------+---------+---------+-------
      Total |     230 |      36 |  13.5 |      69 |       1 |   1.4
            +---------+---------+-------+---------+---------+-------
        D:1 |      32 |       0 |   0.0 |      19 |       0 |   0.0
        D:2 |      90 |       0 |   0.0 |      32 |       0 |   0.0
        D:3 |     108 |      36 |  25.0 |      18 |       1 |   5.3
            +---------+---------+-------+---------+---------+-------

Table legend:
 A = Turns spent in this place as a percentage of turns spent in the entire game.
 B = Non-inter-level travel turns spent in this place as a percentage of non-inter-level travel turns spent in the entire game.
 C = Inter-level travel turns spent in this place as a percentage of turns spent in this place.
 D = Turns resting spent in this place as a percentage of non-inter-level travel turns spent in this place.
 E = Turns spent auto-exploring this place as a percentage of non-inter-level travel turns spent in this place.
 F = Non-inter-level travel turns spent in this place divided by the number of levels of this place that you've seen.
                   A       B       C       D       E      F
               +-------+-------+-------+-------+-------+----------------------
         Total | 100.0 | 100.0 |   0.0 |   0.0 |   0.0 | 231.2
       Dungeon | 100.0 | 100.0 |   0.0 |   0.0 |   0.0 | 231.2
               +-------+-------+-------+-------+-------+----------------------

Table legend:
 A = Kills in this place as a percentage of kills in entire the game.
 B = Kills by you in this place as a percentage of kills by you in the entire game.
 C = Kills by friends in this place as a percentage of kills by friends in the entire game.
 D = Other kills in this place as a percentage of other kills in the entire game.
 E = Experience gained in this place as a percentage of experience gained in the entire game.
 F = Experience gained in this place divided by the number of levels of this place that you have seen.
                   A       B       C       D       E      F
               +-------+-------+-------+-------+-------+----------------------
         Total | 100.0 | 100.0 |   N/A |   N/A | 100.0 |  66.5
       Dungeon | 100.0 | 100.0 |   N/A |   N/A | 100.0 |  66.5
               +-------+-------+-------+-------+-------+----------------------

Vault maps used:
D:1:      wheals_arrival_linesprint
D:2:      first_ration
D:3:      gammafunk_temple_overflow_elements, uniq_ijyb
D:4:      minivault_24, uniq_grinder, uniq_menkaure, uniq_natasha
